Map: Cerulean Fall LE

Players

LiquidMaNa (MaNa)

  • Race: Protoss Protoss
  • League: Master
  • Spawn Location: 1:00

PtitDrogo - Winner!

  • Race: Protoss Protoss
  • League: Master
  • Spawn Location: 7:00

Event: HomeStory Cup XVIII

VOD

Have the link to the VOD?

Description

Time

  • Played on: Nov. 23, 2018, 2:45 p.m.
  • Length: 8:50

All games in this series

Show
View Real Time Build Order
Export as new Build Order

LiquidMaNa Protoss 

Build Orders: Phoenix Opening, Zealot Archon 

Get SALT Encoding   

  12  0:00  Probe  
  13  0:12  Probe  
  14  0:18  Pylon  
  14  0:24  Probe  
  15  0:32  Probe  
  15  0:40  Gateway, Probe  
  16  0:48  Assimilator  
  17  0:50  Probe  
  18  0:57  Assimilator  
  18  0:58  Probe  
  19  1:07  Probe  
  19  1:08  Gateway  
  20  1:18  Probe  
  21  1:27  Cybernetics Core  
  21  1:30  Probe  
  22  1:36  Pylon  
  22  1:42  Probe  
  23  1:55  Sentry, Probe  
  24  2:03  Stalker, Warp Gate  
  24  2:07  Probe  
  29  2:12  Pylon  
  29  2:21  Stalker  
  31  2:30  Phoenix  
  31  2:33  Stalker  
  33  2:51  Stalker  
  33  2:57  Nexus  
  35  3:00  Probe  
  36  3:06  Pylon  
  36  3:12  Probe  
  37  3:22  Probe  
  37  3:25  Twilight Council  
  38  3:30  Probe  
  38  3:37  Forge  
  38  3:38  Probe  
  40  3:50  Probe  
  41  3:57  Protoss Ground Weapons Level 1  
  41  4:03  Blink  
  41  4:05  Probe  
  41  4:06  Phoenix, Stalker  
  44  4:10  Stalker  
  44  4:12  Probe  
  47  4:19  Probe  
  47  4:24  Probe  
  48  4:31  Probe  
  50  4:32  Probe  
  50  4:33  Robotics Facility  
  51  4:40  Probe  
  51  4:41  Stalker  
  51  4:43  Probe  
  55  4:47  Stalker  
  57  4:55  Pylon, Probe x2  
  60  5:07  Probe x2  
  60  5:09  Assimilator  
  60  5:11  Assimilator  
  60  5:13  Pylon  
  61  5:15  Stalker x2  
  61  5:16  Observer  
  65  5:21  Probe  
  65  5:26  Pylon  
  65  5:28  Probe  
  68  5:31  Protoss Ground Weapons Level 2  
  68  5:35  Gateway x2  
  68  5:39  Stalker  
  70  5:43  Probe x2  
  70  5:48  Stalker  
  74  6:03  Gateway  
  74  6:04  Charge  
  74  6:06  Gateway  
  74  6:09  Pylon  
  74  6:23  Nexus  
  74  6:24  Observer  
  74  6:28  Templar Archives  
  74  6:38  Zealot x3  
  74  6:39  Zealot  
  82  6:47  Pylon  
  82  6:49  Observer  
  82  6:55  Observer  
  82  6:59  Zealot x5  
  92  7:02  Zealot  
  92  7:06  Pylon  
  94  7:22  High Templar x4  
  101  7:26  Zealot x2  
  101  7:27  Archon x2  
  105  7:30  Gateway  
  105  7:31  Gateway  
  105  7:36  Pylon  
  105  7:47  High Templar x2  
  107  7:52  Archon  
  107  7:54  Zealot x4  
  82  8:16  Zealot x4  
  68  8:21  High Templar x2  
  68  8:25  Archon  
  68  8:26  Zealot x2  
  71  8:36  Zealot x4  
  65  8:43  Zealot x2  
Show
View Real Time Build Order
Export as new Build Order

PtitDrogo Protoss - Winner!

Build Orders: Zealot Archon 

Get SALT Encoding   

  12  0:00  Probe  
  13  0:13  Probe  
  14  0:17  Pylon  
  14  0:24  Probe  
  15  0:32  Probe  
  15  0:39  Gateway  
  15  0:40  Probe  
  16  0:46  Assimilator  
  17  0:51  Probe  
  17  0:55  Assimilator  
  18  0:59  Probe  
  19  1:07  Probe  
  19  1:15  Gateway  
  19  1:17  Probe  
  21  1:27  Cybernetics Core  
  21  1:29  Probe  
  22  1:36  Pylon  
  22  1:41  Probe  
  23  1:54  Probe  
  24  1:58  Warp Gate  
  24  2:03  Sentry, Stalker  
  28  2:15  Pylon  
  28  2:22  Probe  
  28  2:38  Stalker  
  30  2:44  Nexus  
  30  2:48  Probe  
  31  3:01  Probe  
  32  3:13  Probe  
  32  3:19  Pylon  
  33  3:24  Probe  
  34  3:28  Robotics Facility  
  34  3:29  Forge  
  34  3:32  Probe  
  34  3:37  Shield Battery  
  34  3:40  Probe  
  36  3:51  Probe  
  36  3:53  Protoss Ground Weapons Level 1, Probe  
  37  4:00  Sentry x2  
  37  4:01  Probe  
  42  4:03  Probe  
  44  4:10  Phoenix  
  44  4:11  Probe x2  
  44  4:15  Observer  
  47  4:20  Probe  
  47  4:23  Probe  
  49  4:25  Twilight Council, Stalker  
  49  4:30  Probe  
  51  4:33  Pylon  
  51  4:35  Probe  
  53  4:42  Probe  
  53  4:43  Assimilator  
  58  4:45  Immortal  
  58  4:46  Assimilator  
  58  4:48  Probe  
  59  4:54  Probe  
  59  4:59  Phoenix  
  60  5:00  Probe  
  60  5:05  Charge  
  60  5:06  Probe  
  62  5:12  Probe  
  63  5:16  Pylon  
  64  5:21  Immortal  
  64  5:22  Gateway  
  64  5:23  Gateway  
  67  5:30  Protoss Ground Weapons Level 2  
  67  5:37  Zealot  
  67  5:38  Zealot  
  67  5:40  Pylon  
  71  5:51  Immortal  
  71  5:53  Gateway x2  
  75  6:08  Gateway  
  75  6:09  Templar Archives  
  75  6:10  Gateway  
  74  6:24  Observer  
  74  6:26  Zealot x4  
  74  6:29  Pylon  
  74  6:30  Pylon  
  83  6:34  Pylon  
  83  6:35  Pylon  
  83  6:38  Warp Prism  
  83  6:50  Stalker x2  
  83  6:53  High Templar x2  
  90  6:58  Archon  
  90  7:00  Zealot x2  
  94  7:05  High Templar x2  
  96  7:09  Archon  
  96  7:12  Pylon  
  96  7:15  Pylon x2  
  94  7:26  Zealot x4  
  102  7:32  High Templar x2  
  102  7:36  Archon  
  106  7:40  Zealot x2  
  108  7:54  Zealot x4  
  116  7:58  Pylon  
  116  8:05  Zealot x3  
  120  8:10  Warp Prism  
  106  8:18  Zealot x3  
  92  8:46  Zealot x8  
Tags
 
Add a new tag
Caveats
  • Supply blocks, unpowered buildings, or Contaminate may cause inaccurate times.
  • Supply counts are checked every 10 seconds.